 Dungeon Crawl Stone Soup version 0.17-a0-1685-g57e755e (webtiles) character file.

8761 karlkraus the Basher (level 11, -4/97 HPs)
             Began as a Minotaur Fighter on Aug 19, 2015.
             Was a High Priest of Makhleb.
             Killed from afar by Urug (17 damage)
             ... with a wand of lightning
             ... on level 10 of the Dungeon.
             The game lasted 00:23:15 (8020 turns).

karlkraus the Basher (Minotaur Fighter)             Turns: 8020, Time: 00:23:16

Health: -4/97      AC: 19    Str: 21    XL:     11   Next: 14%
Magic:  10/10      EV: 17    Int:  5    God:    Makhleb [*****.]
Gold:   323        SH:  8    Dex: 13    Spells: 0 memorised, 10 levels left

rFire  . . .     SeeInvis .     c - +2 morningstar (protect)
rCold  . . .     Clarity  .     v - +0 leather armour "Liegurghy" {+Inv}
rNeg   . . .     SustAt   .     i - +2 buckler
rPois  .         Gourm    .     j - +1 hat
rElec  .         Spirit   .     E - +2 cloak
rCorr  .         Warding  .     m - +2 pair of gloves
rMut   .         Stasis   .     (no boots)
MR     +....                    (no amulet)
Stlth  ++........               z - +3 ring of protection
                                n - ring of protection from magic

@: somewhat resistant to hostile enchantments, unstealthy
A: retaliatory headbutt, horns 2
a: Minor Destruction, Lesser Servant of Makhleb, Major Destruction, Greater
Servant of Makhleb, Renounce Religion, Evoke Invisibility


You were on level 10 of the Dungeon.
You worshipped Makhleb.
Makhleb was extremely pleased with you.
You were not hungry.

You visited 2 branches of the dungeon, and saw 11 of its levels.

You collected 478 gold pieces.
You spent 155 gold pieces at shops.

Inventory:

Hand weapons
 c - a +2 morningstar of protection (weapon)
 w - a +2 morningstar of crushing
Armour
 b - a +0 ring mail of fire resistance
 i - a +2 buckler (worn)
 j - a +1 hat (worn)
 m - a +2 pair of gloves (worn)
 v - the +0 leather armour "Liegurghy" (worn) {+Inv}
   (You found it on level 4 of the Dungeon)

   It lets you turn invisible.
 E - a +2 cloak (worn)
Jewellery
 n - a ring of protection from magic (left hand)
 t - an uncursed ring of positive energy
 z - a +3 ring of protection (right hand)
Magical devices
 K - a wand of enslavement (10)
Scrolls
 a - 2 scrolls of fog
 f - a scroll of enchant weapon
 g - a scroll of blinking
 h - 7 scrolls of remove curse
 l - 2 scrolls of enchant armour
 y - 5 scrolls of immolation
 B - 2 scrolls of holy word
 C - a scroll of teleportation
 D - 2 scrolls of noise
 F - a scroll of magic mapping
 I - a scroll of silence {unknown}
 N - a scroll of amnesia
Potions
 d - 2 potions of might
 k - 4 potions of curing
 q - 2 potions of heal wounds {unknown}
 u - 2 potions of agility {unknown}
 x - a potion of mutation {unknown}
 H - a potion of lignification {unknown}
 L - a potion of haste {unknown}
 M - a potion of magic {unknown}
Books
 r - a book of Alchemy

   Spells                             Type                      Level
   a - Sublimation of Blood           Necromancy                   2
   b - Ignite Poison                  Fire/Transmutation/Poison    3
   c - Alistair's Intoxication        Transmutation/Poison         4
   d - Condensation Shield            Ice                          4
   e - Petrify                        Transmutation/Earth          4
   f - Irradiate                      Conjuration/Transmutation    5
Comestibles
 e - 4 bread rations
 o - 2 meat rations
 s - 3 slices of pizza
 A - a fruit
 G - a beef jerky
 J - 7 chunks of flesh


   Skills:
 + Level 9.5 Fighting
 + Level 11.3 Maces & Flails
 + Level 6.6 Armour
 + Level 9.8 Dodging
 + Level 3.3 Stealth
 + Level 8.5 Shields
 + Level 1.1 Invocations


You had 10 spell levels left.
You didn't know any spells.

Dungeon Overview and Level Annotations

Branches:
Dungeon (10/15)            Temple (1/1) D:4
   Lair: D:8-11         Orc: D:9-12

Altars:
Ashenzari
Cheibriados
Dithmenos
Elyvilon
Fedhas
Gozag
Kikubaaqudgha
Makhleb
Nemelex Xobeh
Okawaru
Qazlal
Ru
Sif Muna
Trog
Vehumet
Xom
Yredelemnul
Zin
The Shining One

Shops:
D:8 ?

Annotations:
D:10 Urug


Innate Abilities, Weirdness & Mutations

You reflexively headbutt those who attack you in melee.
You have a pair of horns on your head.


Message History

The river rat barely misses you.
Urug zaps a wand.
The bolt of lightning hits you!
* * * LOW HITPOINT WARNING * * *
Your hellwing barely misses the hungry ghost.
Your hellwing hits the hungry ghost!
Your hellwing blocks the hungry ghost's attack.
The river rat bites the plant.
The orc hits the plant with a mace!
Your hellwing hits the hungry ghost! x2
Your hellwing blocks the hungry ghost's attack.
Your hellwing's corpse armour sloughs away.
The river rat bites the plant.
Your hellwing hits the hungry ghost! Your hellwing hits the hungry ghost!
The hungry ghost is destroyed!
Makhleb accepts your kill.
The river rat bites the plant but does no damage.
Urug zaps a wand.
The bolt of lightning hits the orc.
The orc dies!
The bolt of lightning hits your hellwing.
The bolt of lightning hits you!
You die...

...P...PPP....
#...P...P.P[. ..
..#..o...P.... ..#
#.>##or....P... ..# #..#
#)P.....# #.# #..#
#4......# # #.# #..#
#.......# r# #.# #..#
#...÷...###..#
#.#####..###@)..........#
#...†..>.......[........#
#†#####.................#
# #.# #...........#####.#
.# #.# #...........# #.#
.# #.# #...........# #.#
.# #.# #...........# #.#
.# #.# #...........# #<#
.# #.# #......###..# #.#


You could see Urug, a river rat, an orc and a friendly hellwing.

Vanquished Creatures
  Erolcha (D:10)
  A hill giant (D:10)
  Pikel (D:4)
  The ghost of emiel the Covert, an experienced OpWn of Cheibriados (D:7)
  Joseph (D:7)
  A troll (D:10)
  5 yaks (D:8)
  A hungry ghost (D:7)
  An ice beast (D:5)
  3 centaurs
  2 slaves (D:4)
  3 ogres
  A sky beast (D:8)
  A wasp (D:9)
  6 orc warriors
  A phantom (D:5)
  A crocodile (D:10)
  6 giant frogs
  The ghost of cireshan the Conjurer, an average DECj (D:3)
  3 scorpions
  A wyvern zombie (D:6)
  2 gnoll sergeants
  4 wights (D:6)
  8 killer bees (D:9)
  4 crimson imps
  A wasp zombie (D:9)
  5 hounds
  2 iguanas
  A giant frog skeleton (D:6)
  3 centaur skeletons
  Jessica (D:3)
  7 orc priests
  14 orc wizards
  5 worker ants
  2 hound skeletons
  2 worker ant zombies
  10 gnolls
  10 adders
  An adder zombie (D:5)
  2 worms
  2 adder skeletons
  65 orcs
  3 ball pythons
  3 giant cockroaches
  6 goblins
  3 hobgoblins
  4 jackals (D:4)
  5 kobolds
  6 quokkas
  A ball python skeleton (D:4)
  5 bats
  7 giant geckos
  3 giant newts
  2 quokka skeletons
  15 rats
256 creatures vanquished.

Vanquished Creatures (collateral kills)
  Gastronok (D:9)
  A hungry ghost (D:10)
2 creatures vanquished.

Vanquished Creatures (others)
  An orc (D:10)
  4 fungi (D:10)
  3 plants (D:10)
8 creatures vanquished.

Grand Total: 266 creatures vanquished

Notes
Turn   | Place    | Note
--------------------------------------------------------------
     0 | D:1      | karlkraus the Minotaur Fighter began the quest for the Orb.
     0 | D:1      | Reached XP level 1. HP: 19/19 MP: 0/0
   451 | D:1      | Reached XP level 2. HP: 27/27 MP: 1/1
   537 | D:2      | Reached skill level 4 in Fighting
   538 | D:2      | Found a glowing golden altar of the Shining One.
   790 | D:2      | Reached XP level 3. HP: 33/33 MP: 2/2
  1124 | D:3      | Reached skill level 1 in Dodging
  1223 | D:3      | Noticed cireshan's ghost (average DECj)
  1234 | D:3      | Reached XP level 4. HP: 39/41 MP: 3/3
  1299 | D:3      | Noticed Jessica
  1305 | D:3      | Found a shimmering altar of Xom.
  1306 | D:3      | Killed Jessica
  1388 | D:3      | Found an iron altar of Okawaru.
  1599 | D:3      | Killed cireshan's ghost
  1599 | D:3      | Reached skill level 5 in Armour
  1599 | D:3      | Reached XP level 5. HP: 40/47 MP: 4/4
  1838 | D:4      | Reached XP level 6. HP: 53/53 MP: 5/5
  1877 | D:4      | Got a heavily runed leather armour
  1888 | D:4      | Identified the cursed +0 leather armour "Liegurghy" {+Inv} (You found it on level 4 of the Dungeon)
  2023 | D:4      | Found a staircase to the Ecumenical Temple.
  2040 | Temple   | Entered the Ecumenical Temple
  2133 | Temple   | Became a worshipper of Makhleb the Destroyer
  2163 | D:4      | Noticed a slave
  2168 | D:4      | Noticed a slave
  2169 | D:4      | Killed a slave
  2172 | D:4      | Noticed Pikel
  2177 | D:4      | Killed a slave
  2179 | D:4      | Noticed a slave
  2180 | D:4      | Noticed a slave
  2186 | D:4      | Killed Pikel
  2186 | D:4      | Reached skill level 5 in Fighting
  2186 | D:4      | Reached skill level 5 in Maces & Flails
  2186 | D:4      | Reached skill level 5 in Shields
  2186 | D:4      | Reached XP level 7. HP: 11/62 MP: 6/6
  2477 | D:4      | Noticed a centaur
  2485 | D:4      | Killed a centaur
  2485 | D:4      | Reached skill level 6 in Armour
  2529 | D:4      | Reached XP level 8. HP: 60/70 MP: 7/7
  2630 | D:4      | Found a shimmering altar of Xom.
  2717 | D:4      | Acquired Makhleb's first power
  2795 | D:4      | Reached skill level 5 in Dodging
  2879 | D:5      | Entered Level 5 of the Dungeon
  3222 | D:5      | Acquired Makhleb's second power
  3237 | D:5      | Found a deep blue altar of Sif Muna.
  3673 | D:5      | Reached skill level 1 in Stealth
  4139 | D:6      | Found a glowing golden altar of the Shining One.
  4144 | D:6      | Found a shattered altar of Ashenzari.
  4226 | D:6      | Found an opulent altar of Gozag.
  4227 | D:6      | Found a glowing silver altar of Zin.
  4347 | D:6      | Reached skill level 7 in Maces & Flails
  4389 | D:6      | Found a stormy altar of Qazlal.
  4477 | D:6      | Found a radiant altar of Vehumet.
  4485 | D:6      | Reached XP level 9. HP: 79/79 MP: 8/8
  5032 | D:7      | Noticed Joseph
  5045 | D:7      | Killed Joseph
  5111 | D:7      | Reached skill level 8 in Maces & Flails
  5125 | D:7      | Acquired Makhleb's third power
  5335 | D:7      | Noticed emiel's ghost (experienced OpWn)
  5349 | D:7      | Killed emiel's ghost
  5765 | D:8      | Reached skill level 9 in Maces & Flails
  5779 | D:8      | Found a bloodstained altar of Trog.
  5866 | D:8      | Reached XP level 10. HP: 61/90 MP: 9/9
  5884 | D:8      | Reached skill level 10 in Maces & Flails
  5928 | D:8      | Found Gyeffowko's Magic Scroll Emporium.
  5940 | D:8      | Bought a scroll of holy word for 97 gold pieces
  5940 | D:8      | Bought a scroll of noise for 13 gold pieces
  5940 | D:8      | Bought a scroll of magic mapping for 45 gold pieces
  6015 | D:8      | Acquired Makhleb's fourth power
  6494 | D:9      | Noticed Gastronok
  6525 | D:9      | Killed Gastronok
  7610 | D:10     | Entered Level 10 of the Dungeon
  7610 | D:10     | Noticed Erolcha
  7623 | D:10     | Killed Erolcha
  7623 | D:10     | Reached skill level 11 in Maces & Flails
  7623 | D:10     | Reached skill level 1 in Invocations
  7732 | D:10     | Reached XP level 11. HP: 94/97 MP: 10/10
  7740 | D:10     | Acquired Makhleb's fifth power
  7803 | D:10     | Noticed a hill giant
  7814 | D:10     | Killed a hill giant
  7933 | D:10     | Found a deep blue altar of Sif Muna.
  8008 | D:10     | Noticed Urug
  8020 | D:10     | Killed from afar by Urug

Vault maps used:
D:1:      dpeg_arrival_simpleton_a
D:2:      nicolae_tso_swordbearing_angel
D:3:      okawaru_gym_becter, xom_teletrap_fun, uniq_jessica
D:4:      nicolae_overflow_crystal_walls, minmay_temple_entry_mist,
          grunt_ministairs_3, uniq_pikel
D:5:      basic_altar, first_bread
D:6:      grunt_temple_overflow_gold_and_silver, grunt_temple_overflow_open,
          basic_altar, grunt_qazlal_clouds
D:7:      uniq_joseph
D:8:      kennysheep_mini, serial_shops, nicolae_shop_crystal
D:9:      uniq_gastronok
D:10:     grunt_lair_entry_elf_guard_hut, basic_altar, uniq_erolcha, uniq_urug
Temple:   circular_temple_12

Action                   |  1- 3 |  4- 6 |  7- 9 | 10-12 || total
-------------------------+-------+-------+-------+-------++-------
Melee: Flail             |    77 |    83 |       |       ||   160
       Morningstar       |       |    20 |   259 |   253 ||   532
Invok: Lesser Servant of |       |       |       |     2 ||     2
  Use: Scroll            |       |       |     9 |     2 ||    11
       Potion            |       |       |       |     1 ||     1
 Stab: Sleeping          |       |       |       |     2 ||     2
  Eat: Chunk             |     1 |     2 |    13 |     7 ||    23
       Fruit             |       |       |     1 |     1 ||     2
